Workbook

Sheet 0_ReadMe
A1: Calcul de rentabilité locative — brute, nette, nette‑nette (FR · EUR)
A3: Étapes : 1) Remplir 1_Inputs. 2) Lire 3_Synthese. Les calculs sont en 2_Calculs.

Sheet 1_Inputs
A1: Entrées — projet & fiscalité
A2: Variable | B2: Valeur | C2: Unité | D2: Note | E2: — | F2: Variable (suite) | G2: Valeur
A3: Ville / Pays | B3: Paris, France | D3: Contexte FR/EUR | F3: Type de location | G3: Nu
A4: Prix net vendeur (€) | B4: 250000 | C4: € | D4: Prix d'achat hors frais | F4: Régime fiscal | G4: Nu - Micro-foncier
A5: Frais de notaire (%) | B5: 0.08 | C5: % | D5: Neuf/ancien à ajuster | F5: Tranche marginale (TMI) | G5: 0.3
A6: Frais d'agence (€) | B6: 8000 | C6: € | D6: Si applicables | F6: Prélèvements sociaux (%) | G6: 0.172
A7: Travaux / rénovation (€) | B7: 20000 | C7: € | D7: Inclus entretien/rafraîchissement | F7: Vacance locative (%) | G7: 0.06
A8: Mobilier (si meublé) (€) | B8: 8000 | C8: € | D8: 0 si nu | F8: Gestion locative (%) | G8: 0.07
A9: Frais de dossier / divers (€) | B9: 1200 | C9: € | D9: Banque, garantie, etc. | F9: GLI (assurance loyers) (%) | G9: 0.028
A10: Loyer mensuel hors charges (€) | B10: 1400 | C10: € | D10: HC, avant vacance | F10: Charges non récupérables/an (€) | G10: 1200
A11: Taxe foncière/an (€) | B11: 1200 | C11: € | D11: Hors OM récupérable | F11: Assurance PNO/an (€) | G11: 120
A12: Intérêts annuels déductibles (€) | B12: 4500 | C12: € | D12: Saisir 0 si comptant | F12: Autres charges déductibles/an (€) | G12: 0

Sheet 2_Calculs
A1: Calculs intermédiaires
A2: Indicateur | B2: Formule | C2: Valeur | D2: Unité | E2: — | F2: Indicateur | G2: Valeur | H2: Unité
A3: Investissement total | B3: Prix + Notaire + Agence + Travaux + Mobilier + Divers | C3: ='1_Inputs'!B4 + ('1_Inputs'!B4*'1_Inputs'!B5) + '1_Inputs'!B6 + '1_Inputs'!B7 + '1_Inputs'!B8 + '1_Inputs'!B9 | D3: €
A4: Loyer annuel brut (HC) | B4: Loyer mensuel × 12 | C4: ='1_Inputs'!B10*12 | D4: €
A5: Loyer encaissé (vacance) | B5: Loyer annuel × (1 - vacance) | C5: =C4*(1-'1_Inputs'!G7) | D5: €
A6: Frais de gestion | B6: % × loyer encaissé | C6: ='1_Inputs'!G8*C5 | D6: €
A7: GLI (si souscrite) | B7: % × loyer encaissé | C7: ='1_Inputs'!G9*C5 | D7: €
A8: Charges annuelles propriétaires | B8: Non récupérables + TF + PNO | C8: ='1_Inputs'!G10+'1_Inputs'!B11+'1_Inputs'!G11 | D8: €
A9: Total charges d’exploitation | B9: Gestion + GLI + Charges annuelles | C9: =C6+C7+C8 | D9: €
F10: Base imposable (selon régime) | G10: =IF('1_Inputs'!G4="Nu - Micro-foncier", C5*(1-0.30), IF('1_Inputs'!G4="Meublé - Micro-BIC", C5*(1-0.50), IF('1_Inputs'!G4="Nu - Réel", MAX(0, C5-C9-'1_Inputs'!B12-'1_Inputs'!G12), IF('1_Inputs'!G4="Meublé - Réel (LMNP)", MAX(0, C5-C9-'1_Inputs'!B12-'1_Inputs'!G12), C5)))) | H10: €
F11: Impôt sur le revenu (TMI) | G11: =G10*'1_Inputs'!G5 | H11: €
F12: Prélèvements sociaux | G12: =G10*'1_Inputs'!G6 | H12: €
F13: Impôts & prélèvements (total) | G13: =G11+G12 | H13: €

Sheet 3_Synthese
A1: Synthèse — rentabilités et montants
A2: Indicateur | B2: Valeur | C2: Unité | D2: Note
A3: Investissement total | B3: ='2_Calculs'!C4 | C3: € | D3: Prix + frais + travaux + mobilier + divers
A4: Loyer annuel encaissé (après vacance) | B4: ='2_Calculs'!C5 | C4: € | D4: HC, après vacance
A5: Charges d’exploitation totales | B5: ='2_Calculs'!C10 | C5: € | D5: Gestion + GLI + charges propriétaires
A6: Résultat d’exploitation (avant impôts) | B6: =B4-B5 | C6: € | D6: Loyer encaissé - charges d’exploitation
A7: Rentabilité BRUTE | B7: =B4/'2_Calculs'!C4 | C7: % | D7: Loyer encaissé / investissement total
A8: Rentabilité NETTE | B8: =(B4-B5)/'2_Calculs'!C4 | C8: % | D8: Après charges d’exploitation
A9: Base imposable (selon régime) | B9: ='2_Calculs'!G10 | C9: € | D9: Micro/Micro-BIC/Réel
A10: Impôts & prélèvements estimés | B10: ='2_Calculs'!G13 | C10: € | D10: TMI + prélèvements sociaux
A11: Résultat net après impôts | B11: =B6-B10 | C11: € | D11: Exploitation - impôts
A12: Rentabilité NETTE-NETTE | B12: =B11/'2_Calculs'!C3 | C12: % | D12: Après impôts et prélèvements
